Map: Deathaura LE

Players

Dream

  • Race: Terran Terran
  • Spawn Location: 11:00

Reynor - Winner!

  • Race: Zerg Zerg
  • Spawn Location: 5:00

Event: IEM Katowice 2021

VOD

Have the link to the VOD?

Description

Time

  • Played on: Feb. 24, 2021, 8:48 a.m.
  • Length: 21:19

All games in this series

Show
View Real Time Build Order
Export as new Build Order

Dream Terran 

Build Orders:  

Get SALT Encoding   

  12  0:00  SCV  
  13  0:12  SCV  
  14  0:17  Supply Depot  
  14  0:24  SCV  
  15  0:39  Barracks  
  15  0:52  Barracks  
  15  1:05  Barracks  
  15  1:10  SCV  
  17  1:26  Marine, Orbital Command  
  17  1:34  Supply Depot  
  17  1:39  Marine  
  18  1:44  Marine  
  19  1:52  Marine  
  20  1:57  Marine  
  20  1:59  Bunker  
  21  2:03  Marine  
  22  2:10  Marine  
  22  2:13  Bunker  
  22  2:15  Marine  
  24  2:18  SCV  
  24  2:22  Marine  
  26  2:28  Marine  
  27  2:30  SCV  
  27  2:33  Marine  
  27  2:36  Supply Depot  
  29  2:41  Marine  
  30  2:45  Bunker  
  30  2:47  SCV  
  31  3:00  SCV  
  31  3:03  Refinery  
  31  3:04  Refinery  
  32  3:13  SCV  
  33  3:25  SCV  
  34  3:33  Command Center  
  34  3:39  SCV  
  35  3:48  Factory  
  35  3:55  SCV  
  35  4:06  Bunker  
  35  4:08  SCV  
  35  4:20  SCV  
  32  4:33  SCV, Factory Tech Lab  
  33  4:40  Command Center  
  33  4:45  SCV  
  34  4:47  Orbital Command  
  34  4:58  SCV, Siege Tank  
  38  5:04  Starport  
  38  5:10  SCV  
  38  5:11  Orbital Command  
  39  5:22  SCV, Barracks Tech Lab  
  39  5:24  Barracks Reactor x2  
  40  5:34  SCV  
  41  5:42  Viking  
  43  5:43  SCV  
  43  5:46  SCV  
  43  5:47  Factory Reactor  
  45  5:51  Refinery  
  45  5:52  Marine, Refinery  
  45  5:54  Supply Depot  
  45  5:55  SCV  
  45  5:56  Orbital Command  
  47  5:59  SCV  
  47  6:03  Bunker  
  48  6:07  SCV  
  48  6:09  Marine  
  48  6:11  SCV, Marine x2  
  53  6:19  SCV  
  53  6:23  SCV  
  53  6:24  Stimpack  
  53  6:25  SCV  
  56  6:28  Medivac  
  56  6:31  Medivac, SCV  
  61  6:35  SCV, Supply Depot  
  61  6:37  SCV  
  63  6:41  Marine  
  63  6:42  Marine x2  
  63  6:43  SCV  
  63  6:44  Marine x2  
  69  6:47  SCV  
  69  6:49  SCV  
  69  6:53  Engineering Bay  
  71  6:54  Engineering Bay  
  71  6:55  SCV  
  71  6:57  Orbital Command  
  71  6:59  SCV  
  73  7:04  Medivac, Siege Tank  
  73  7:05  Medivac  
  73  7:07  SCV  
  81  7:08  Supply Depot  
  81  7:11  SCV  
  82  7:15  Supply Depot x2  
  82  7:16  Marine x3  
  82  7:20  Terran Infantry Weapons Level 1  
  82  7:22  Terran Infantry Armor Level 1  
  85  7:30  SCV x3, Marine, Supply Depot  
  85  7:32  Marine  
  85  7:34  Marine  
  91  7:40  Marine x2  
  91  7:42  SCV  
  94  7:44  Barracks  
  94  7:45  SCV, Barracks  
  94  7:46  SCV  
  94  7:50  Siege Tank  
  99  7:54  SCV  
  99  7:57  SCV  
  101  7:58  SCV  
  101  7:59  Marine x3  
  101  8:01  Marine x2  
  107  8:06  SCV  
  107  8:09  SCV  
  107  8:11  SCV  
  107  8:17  Marine x3  
  107  8:19  Marine x2  
  108  8:20  SCV  
  108  8:21  SCV  
  108  8:23  SCV  
  108  8:26  Siege Tank  
  112  8:27  Medivac x2, Supply Depot, Armory  
  112  8:28  Supply Depot  
  112  8:32  SCV  
  117  8:35  Refinery x2  
  117  8:38  Supply Depot x2  
  117  8:40  Barracks Tech Lab x2  
  117  8:48  Marine x2, Combat Shield  
  117  8:49  SCV  
  117  8:51  Command Center  
  117  8:53  SCV x2  
  122  9:01  SCV  
  124  9:03  Marauder  
  124  9:04  Marauder x2, Marine x2  
  124  9:06  Marine  
  124  9:07  Siege Tank  
  124  9:09  SCV  
  135  9:13  Medivac, SCV x2  
  135  9:16  Terran Infantry Weapons Level 2  
  137  9:24  Supply Depot  
  137  9:25  Supply Depot  
  137  9:29  Terran Infantry Armor Level 2  
  137  9:31  Concussive Shells  
  135  9:32  Factory  
  135  9:33  SCV x3  
  138  9:41  Marauder x3  
  138  9:43  Marine x3  
  138  9:45  Marine  
  145  9:51  Siege Tank  
  146  9:54  Medivac x2  
  150  10:00  Marine  
  150  10:02  Marauder x2  
  150  10:03  Supply Depot  
  147  10:10  Supply Depot, Terran Vehicle Weapons Level 1  
  147  10:11  Supply Depot x2  
  147  10:15  Marauder, Marine x2  
  147  10:18  Factory Tech Lab  
  151  10:22  SCV x3  
  151  10:23  Marauder  
  156  10:31  Marauder, Marine x2  
  158  10:36  Marauder, Planetary Fortress  
  161  10:46  Marauder, Marine x2  
  161  10:49  Marine x2  
  166  10:51  Siege Tank x2  
  166  10:53  Marauder  
  174  11:00  Marauder, Sensor Tower  
  176  11:06  Barracks  
  176  11:07  Barracks  
  176  11:09  Barracks  
  176  11:11  Marauder, Marine  
  178  11:12  Marine  
  178  11:14  Marauder, Marine x2  
  181  11:22  Marauder  
  181  11:25  Siege Tank x2  
  189  11:29  Marine  
  192  11:32  Marauder  
  192  11:33  Command Center  
  192  11:36  Marauder  
  192  11:38  Terran Infantry Weapons Level 3  
  192  11:39  Marine  
  194  11:40  Marine x2  
  194  11:43  Marauder  
  199  11:47  Marine, Terran Infantry Armor Level 3  
  199  12:02  Marine  
  199  12:05  Barracks Tech Lab x3  
  200  12:21  Command Center  
  200  12:22  Terran Vehicle Weapons Level 2  
  193  12:26  Marauder  
  193  12:27  Marauder  
  193  12:28  Marauder, Command Center, Marine x2  
  195  12:30  Marine  
  195  12:31  Marauder x2  
  195  12:32  Ghost Academy  
  195  12:36  Refinery x2  
  197  12:45  Marauder  
  199  12:55  Marine x3  
  199  12:56  Marauder  
  200  13:10  Marauder, Marine  
  200  13:11  Marine  
  195  13:13  Siege Tank  
  195  13:17  Marauder  
  200  13:26  Barracks  
  198  13:32  Command Center  
  198  13:40  Marauder  
  200  13:47  Command Center  
  200  13:54  Marauder x5  
  200  13:55  Marine x2  
  183  13:56  Siege Tank x2  
  183  13:57  Medivac x2  
  183  13:58  Marine x2  
  183  14:01  Marauder  
  163  14:08  SCV  
  163  14:09  SCV x3  
  152  14:13  Marine x2  
  152  14:15  Marauder  
  152  14:16  Marauder x4  
  160  14:20  SCV  
  160  14:22  Marauder  
  148  14:25  Orbital Command  
  148  14:27  Medivac  
  148  14:28  Siege Tank x2  
  148  14:29  Marine  
  148  14:30  Barracks, Marine x2, Barracks Tech Lab  
  159  14:36  Marine  
  159  14:37  Marauder x5  
  161  14:47  Marine  
  161  14:48  Marauder  
  161  14:49  Marine x3  
  161  14:51  Orbital Command  
  160  14:54  Marine  
  160  14:56  Planetary Fortress  
  160  14:57  Ghost  
  160  14:58  Marauder, Ghost x3, Orbital Command  
  171  15:00  Siege Tank  
  171  15:01  Siege Tank  
  171  15:03  Planetary Fortress  
  171  15:05  Marine  
  178  15:07  Marine x2, Ghost  
  178  15:08  Ghost  
  178  15:12  Marine  
  185  15:19  Ghost  
  185  15:20  Marine  
  188  15:23  Marine  
  188  15:24  Missile Turret  
  188  15:25  Marine  
  188  15:26  Ghost x3  
  196  15:30  Refinery  
  188  15:36  Ghost  
  188  15:37  Marine  
  188  15:40  Ghost  
  179  15:48  Marauder  
  175  15:55  Marauder, Ghost  
  171  15:57  SCV x2  
  171  15:59  Marine x2  
  171  16:03  Marine x3, Ghost  
  170  16:04  Marauder  
  170  16:06  Marine  
  170  16:09  Marine  
  172  16:14  Ghost  
  172  16:17  Marauder, Marine x2  
  178  16:21  Marine x3  
  178  16:23  Marine  
  178  16:24  Marine  
  178  16:25  Marine  
  169  16:26  Marine  
  169  16:32  Marine  
  149  16:35  Marine x2  
  149  16:38  Marauder  
  149  16:39  Marine x3  
  156  16:41  Ghost  
  156  16:42  Marine  
  156  16:43  Marauder, Marine  
  156  16:44  Marine  
  148  16:47  Siege Tank  
  148  16:49  Marine  
  148  16:53  Marine x2  
  151  16:56  Marine  
  151  16:57  Marine x2  
  151  16:59  Marine  
  151  17:00  Marine  
  158  17:01  Marauder  
  158  17:02  Marine  
  158  17:03  Ghost  
  158  17:06  Orbital Command  
  158  17:07  Marine  
  157  17:09  Ghost  
  157  17:11  Marine x2  
  157  17:12  Widow Mine  
  157  17:14  Marine x2  
  163  17:17  Marauder  
  163  17:18  Ghost  
  163  17:19  Marine, Liberator x2  
  163  17:20  Widow Mine, Marauder  
  163  17:22  Marine  
  159  17:26  Marauder  
  159  17:28  Marine  
  159  17:29  Marine  
  146  17:32  Marine x3  
  146  17:37  Marine  
  146  17:38  Ghost  
  146  17:39  Marauder, Ghost  
  146  17:41  Marine  
  131  17:46  Marine x2, Ghost  
  131  17:47  Marauder  
  131  17:48  Widow Mine x2  
  131  17:50  Marauder, Marine x2  
  145  17:55  Marine  
  146  18:00  Marauder x2  
  146  18:04  Marine x2  
  152  18:07  Marauder  
  152  18:08  Marauder, Marine x2  
  152  18:09  Marauder  
  152  18:11  Ghost  
  160  18:13  Marine  
  160  18:15  Marine  
  162  18:20  Marine  
  162  18:21  Marine  
  162  18:22  Marine  
  163  18:32  Liberator x2  
  164  18:48  Ghost  
  164  18:52  Ghost x2  
  164  18:53  Marine x4  
  172  18:56  Marine  
  172  18:57  Marauder  
  172  19:02  Orbital Command  
  151  19:15  Medivac x2  
  152  19:21  Ghost  
  152  19:22  Marauder  
  140  19:29  Marauder, Marine  
  143  19:45  Widow Mine x2  
  143  19:53  Orbital Command  
  143  19:59  Marine x2  
  136  20:00  Marine  
  136  20:01  Marauder x2, Marine  
  136  20:04  Marauder, Marine x2  
  136  20:05  Marauder x2, Marine  
  110  20:17  Marine x2  
  110  20:18  Marine  
  110  20:19  Marine  
  114  20:22  Marauder x2  
  114  20:24  SCV  
  114  20:25  SCV x2  
  121  20:29  Marine  
  121  20:30  Marine x3  
  125  20:39  Marine x3  
  125  20:40  Marauder  
  114  20:44  Marine x3  
  114  20:52  Marine  
  114  20:53  Marine  
  114  20:55  Marine  
  114  20:56  Marine  
Show
View Real Time Build Order
Export as new Build Order

Reynor Zerg - Winner!

Build Orders: Hatch First 

Get SALT Encoding   

  12  0:00  Drone  
  13  0:12  Overlord  
  13  0:16  Drone  
  14  0:30  Drone x2  
  16  0:47  Hatchery  
  15  0:50  Drone  
  15  0:54  Drone  
  17  0:58  Drone  
  18  1:09  Extractor  
  17  1:13  Spawning Pool  
  17  1:17  Drone  
  17  1:20  Drone  
  18  1:27  Drone  
  19  1:41  Overlord  
  19  2:01  Queen, Roach Warren  
  18  2:02  Zergling x4  
  18  2:03  Zergling x2  
  23  2:10  Overlord  
  23  2:16  Drone  
  23  2:18  Spine Crawler  
  23  2:21  Drone  
  24  2:41  Roach x3  
  24  2:44  Roach  
  32  2:49  Roach  
  36  2:59  Overlord  
  36  3:02  Ravager  
  35  3:18  Queen  
  35  3:19  Ravager  
  38  3:23  Overlord  
  38  3:34  Overlord  
  38  3:43  Drone x3  
  38  3:47  Ravager  
  42  3:54  Queen  
  42  3:55  Drone  
  45  4:09  Drone  
  46  4:10  Hatchery  
  46  4:16  Drone  
  43  4:25  Drone x2, Metabolic Boost  
  43  4:27  Drone  
  46  4:32  Overlord  
  46  4:39  Overlord  
  46  4:52  Drone  
  47  5:00  Drone, Queen  
  49  5:15  Hatchery  
  49  5:16  Drone x2  
  49  5:19  Drone  
  51  5:24  Drone x2  
  53  5:30  Queen  
  53  5:33  Drone  
  56  5:38  Drone  
  57  5:43  Drone  
  57  5:44  Drone  
  57  5:47  Evolution Chamber  
  57  5:49  Drone x3  
  61  5:56  Drone x2  
  63  5:59  Overlord  
  63  6:00  Drone x2  
  65  6:07  Lair  
  65  6:08  Drone x2  
  66  6:14  Zerg Ground Armor Level 1  
  66  6:18  Drone, Spore Crawler  
  66  6:19  Spore Crawler  
  66  6:21  Spore Crawler  
  66  6:23  Drone x2  
  66  6:26  Drone x2  
  66  6:30  Drone x2  
  70  6:34  Evolution Chamber  
  70  6:36  Drone  
  70  6:39  Drone x2  
  72  6:43  Extractor x2  
  72  6:44  Drone x3  
  73  6:49  Overlord, Queen  
  73  6:51  Drone  
  73  6:53  Pneumatized Carapace  
  76  6:55  Drone  
  76  6:58  Drone x3  
  76  7:00  Overlord  
  80  7:05  Overlord  
  80  7:06  Drone  
  81  7:08  Drone x2  
  81  7:11  Drone  
  81  7:12  Overseer, Drone  
  85  7:16  Drone  
  85  7:19  Drone, Glial Reconstitution  
  85  7:20  Drone x2  
  85  7:21  Extractor, Drone  
  85  7:22  Overlord  
  89  7:25  Queen  
  89  7:28  Extractor, Drone x2  
  92  7:30  Extractor  
  92  7:34  Zerg Missile Weapons Level 1  
  92  7:36  Roach  
  93  7:37  Roach  
  93  7:42  Drone x2  
  97  7:50  Roach x4  
  105  7:51  Hatchery  
  105  7:53  Overlord  
  104  7:59  Roach x4  
  112  8:06  Drone x2  
  112  8:09  Overlord  
  111  8:13  Roach x3  
  111  8:14  Roach x2  
  111  8:19  Overlord  
  116  8:20  Drone x2  
  116  8:21  Drone  
  116  8:23  Drone x2  
  116  8:25  Drone  
  116  8:26  Drone x2  
  122  8:28  Overlord  
  122  8:29  Zerg Ground Armor Level 2  
  122  8:38  Overlord, Spore Crawler  
  122  8:40  Roach x4  
  129  8:43  Ravager x2  
  129  8:45  Roach  
  129  8:46  Drone x2  
  129  8:47  Drone  
  136  8:50  Drone x2  
  136  8:54  Ravager x2  
  136  8:55  Roach x2  
  144  8:59  Overlord  
  144  9:02  Drone  
  145  9:04  Drone  
  145  9:06  Drone x2  
  145  9:08  Overlord  
  145  9:09  Drone x2  
  149  9:12  Baneling Nest  
  149  9:16  Drone, Infestation Pit  
  146  9:23  Zergling x12  
  152  9:27  Zergling x8  
  156  9:33  Extractor, Zerg Melee Weapons Level 1  
  156  9:34  Zergling x4  
  156  9:37  Overlord  
  156  9:38  Zergling x4, Hatchery  
  156  9:39  Zergling x4  
  156  9:43  Roach, Overlord  
  156  9:45  Hatchery  
  162  9:46  Zergling x10  
  167  9:54  Hive  
  167  9:55  Overlord  
  167  9:56  Centrifical Hooks  
  167  10:00  Spore Crawler  
  167  10:02  Spore Crawler  
  164  10:07  Overlord  
  164  10:11  Zergling x28  
  164  10:12  Zergling x2  
  177  10:19  Ravager x2  
  177  10:20  Zergling x2, Baneling x10  
  177  10:21  Zergling x2  
  181  10:27  Hatchery  
  178  10:32  Zergling x16, Roach  
  187  10:36  Drone x2  
  187  10:37  Drone x2  
  187  10:42  Zergling x4, Drone x2  
  195  10:44  Drone  
  195  10:46  Drone  
  195  10:47  Overlord, Drone x2  
  199  10:55  Zergling x2, Baneling x9  
  200  11:01  Baneling x6  
  199  11:14  Adrenal Glands  
  199  11:17  Ultralisk Cavern  
  192  11:18  Viper x2  
  198  11:28  Viper  
  200  11:36  Zerg Melee Weapons Level 2  
  200  11:39  Extractor  
  198  11:40  Spine Crawler, Spore Crawler  
  198  11:44  Drone  
  198  11:45  Drone x2  
  199  11:49  Zerg Ground Armor Level 3  
  199  11:55  Spore Crawler  
  197  12:03  Drone x4  
  197  12:04  Drone  
  197  12:06  Chitinous Plating  
  199  12:24  Zergling x2  
  195  12:42  Zergling x12  
  197  12:49  Hatchery  
  196  12:57  Zergling x4, Ultralisk x2  
  187  13:08  Baneling  
  187  13:09  Baneling x11  
  187  13:10  Zergling x28  
  191  13:16  Zergling x2, Ultralisk x2  
  191  13:17  Zergling x2  
  199  13:30  Anabolic Synthesis  
  199  13:34  Baneling x12  
  199  13:36  Zergling x2  
  199  13:43  Zergling x2  
  172  13:56  Zergling x20  
  172  13:57  Zergling x18  
  172  13:59  Zergling x22  
  172  14:01  Zergling x2  
  179  14:04  Zergling x6  
  179  14:06  Zergling x2  
  179  14:09  Ultralisk x2  
  183  14:13  Zergling x2  
  183  14:16  Zergling x2  
  183  14:17  Zergling x2  
  186  14:19  Zerg Melee Weapons Level 3  
  186  14:20  Zergling x6  
  186  14:22  Viper x2  
  188  14:24  Drone x2, Spire  
  188  14:25  Drone x4  
  188  14:26  Queen  
  188  14:28  Zergling x10  
  200  14:32  Zergling x2  
  199  14:43  Zergling x2  
  199  14:44  Zergling x18  
  199  14:50  Hatchery  
  199  14:52  Unknown  
  193  15:04  Extractor  
  193  15:05  Drone x3  
  193  15:06  Unknown, Baneling x4  
  193  15:07  Baneling x10  
  194  15:12  Zergling x10, Baneling x6  
  199  15:20  Baneling x17  
  184  15:41  Zergling x58  
  199  15:48  Zergling x2, Ultralisk  
  198  15:51  Zergling x8  
  198  15:55  Zergling x14  
  197  15:58  Zergling x14  
  186  16:04  Baneling  
  186  16:05  Baneling x17, Ultralisk  
  186  16:06  Zergling x4, Ultralisk  
  200  16:20  Zerg Flyer Weapons Level 1  
  200  16:22  Zergling x18  
  191  16:26  Zergling x2, Ultralisk  
  191  16:27  Zergling x10  
  191  16:32  Zergling x4  
  196  16:33  Zergling x6  
  196  16:38  Zergling x16  
  192  16:42  Zergling x4, Ultralisk x2  
  192  16:44  Zergling x4  
  192  16:45  Zergling x4  
  192  16:46  Zergling x6  
  198  16:47  Zergling x4  
  198  16:51  Zergling x2  
  198  16:53  Baneling x8  
  198  16:54  Baneling x11  
  193  16:58  Baneling x8  
  193  17:00  Zergling x14  
  193  17:01  Zergling x4  
  199  17:04  Zergling x4  
  188  17:09  Zergling x8, Ultralisk  
  188  17:12  Zergling x2  
  196  17:19  Zergling x20  
  196  17:22  Zergling x2  
  192  17:25  Ultralisk  
  192  17:28  Zergling x10  
  192  17:29  Zergling x4  
  197  17:30  Zergling x6  
  197  17:36  Zergling x4  
  200  17:42  Zergling x20  
  200  17:43  Queen  
  198  17:47  Zergling x4  
  198  17:56  Baneling x9  
  197  17:59  Drone x2  
  199  18:06  Hatchery  
  199  18:11  Zergling x2  
  199  18:12  Zergling x18  
  199  18:26  Baneling x16  
  199  18:32  Drone x4  
  198  18:34  Zergling x4  
  198  18:39  Zergling x2  
  179  18:49  Zergling x14  
  179  18:50  Zergling x28  
  179  18:55  Zergling x2, Ultralisk  
  200  18:58  Zergling x2  
  200  19:00  Zergling x4  
  200  19:02  Zergling x2  
  199  19:03  Zergling x2  
  199  19:09  Zergling x20  
  193  19:13  Corruptor  
  193  19:14  Corruptor x9  
  196  19:19  Zergling x8  
  196  19:20  Zergling x2  
  196  19:24  Zergling x2, Corruptor  
  193  19:28  Zergling x8  
  200  19:45  Hatchery  
  198  19:46  Baneling x11  
  198  19:51  Spore Crawler x2  
  195  19:54  Overseer x3  
  195  19:59  Zergling x36  
  198  20:04  Zergling x16  
  198  20:06  Zergling x4, Ultralisk  
  198  20:12  Zergling x12  
  193  20:15  Zergling x4, Ultralisk  
  189  20:31  Zergling x14  
  189  20:32  Zergling x8  
  182  20:48  Zergling x14  
  198  20:50  Zergling x4  
  198  20:51  Zergling x8  
  198  20:53  Zergling x2  
  198  20:54  Zergling x14  
  198  20:55  Zergling x2  
  198  20:56  Zergling x2  

Tags
 
Add a new tag
Caveats
  • Supply blocks, unpowered buildings, or Contaminate may cause inaccurate times.
  • Supply counts are checked every 10 seconds.